 Dungeon Crawl Stone Soup version 0.22-a0-879-g615c57abe7 (webtiles) character file.

42249 Flugkiller the Devastator (level 13, -3/78 HPs)
             Began as a Deep Elf Conjurer on July 30, 2018.
             Was an Elder of Vehumet.
             Slain by a dire elephant (31 damage)
             ... on level 6 of the Lair of Beasts.
             The game lasted 00:40:19 (20835 turns).

Flugkiller the Devastator (Deep Elf Conjurer)      Turns: 20835, Time: 00:40:19

Health: -3/78      AC: 14    Str: 10    XL:     13   Next: 84%
Magic:  19/32      EV: 17    Int: 25    God:    Vehumet [****..]
Gold:   635        SH:  7    Dex: 15    Spells: 26/38 levels left

rFire    . . .     SeeInvis +   J - staff of conjuration
rCold    . . .     Gourm    .   G - +0 buckler
rNeg     + . .     Faith    .   f - +1 swamp dragon scales
rPois    +         Spirit   .   (no helmet)
rElec    .         Reflect  +   (no cloak)
rCorr    .         Harm     .   y - +1 pair of gloves of the Crown {rN+ MR+}
MR       ++...                  i - +0 pair of boots
Stlth    +.........             r - +2 amulet of reflection
HPRegen  0.23/turn              F - ring of see invisible
MPRegen  0.23/turn              A - +4 ring of strength

@: no status effects
A: no striking features
a: Renounce Religion


You were on level 6 of the Lair of Beasts.
You worshipped Vehumet.
Vehumet was greatly pleased with you.
You were not hungry.

You visited 3 branches of the dungeon, and saw 15 of its levels.
You also visited: Labyrinth.

You collected 758 gold pieces.
You spent 123 gold pieces at shops.

Inventory:

Hand Weapons
 d - a +1 dagger of pain
 E - the +10 mace "Jillyof" {protect, rC+ Str+4 Dex+2 Stlth+}
   (You took it off a kobold on level 6 of the Dungeon)

   It protects the one who uses it against injury (+AC on strike).
   It affects your strength (+4).
   It affects your dexterity (+2).
   It protects you from cold.
   It makes you more stealthy.
Armour
 f - +1 swamp dragon scales (worn)
 i - a +0 pair of boots (worn)
 l - a +3 leather armour of cold resistance
 y - the +1 pair of gloves of the Crown (worn) {rN+ MR+}
   (You found it on level 5 of the Dungeon)

   It protects you from negative energy.
   It affects your resistance to hostile enchantments.
 G - a +0 buckler (worn)
Magical Staves
 J - an uncursed staff of conjuration (weapon)
Jewellery
 r - a +2 amulet of reflection (around neck)
 A - a +4 ring of strength (right hand)
 F - a ring of see invisible (left hand)
 N - an uncursed ring of stealth
 O - an uncursed ring of ice
Wands
 a - a wand of paralysis (43)
 b - a wand of disintegration (21)
 o - a wand of random effects (52)
 v - a wand of polymorph (12)
 w - a wand of iceblast (30)
 x - a wand of digging (9)
 M - a wand of acid (7)
 P - a wand of clouds (2)
Scrolls
 e - 5 scrolls of immolation
 h - 5 scrolls of magic mapping
 j - 6 scrolls of enchant weapon
 k - 8 scrolls of teleportation
 p - a scroll of silence
 u - 3 scrolls of enchant armour
 z - 2 scrolls of fear
 H - 10 scrolls of remove curse
 I - a scroll of vulnerability
Potions
 g - 5 potions of lignification
 m - 10 potions of curing
 n - 3 potions of mutation
 q - a potion of cancellation
 s - a potion of berserk rage
 t - 4 potions of flight
 B - a potion of invisibility {unknown}
 C - 4 potions of brilliance
 D - 3 potions of heal wounds
 K - a potion of haste
 L - a potion of resistance {unknown}
 Q - 2 potions of agility
Comestibles
 c - 28 rations


   Skills:
 - Level 8.1 Fighting
 + Level 7.8 Armour
 - Level 11.0 Dodging
 - Level 2.4 Stealth
 - Level 4.1 Shields
 - Level 13.0 Spellcasting
 - Level 15.0 Conjurations
 - Level 6.0 Hexes


You had 26 spell levels left.
You knew the following spells:

 Your Spells              Type           Power        Failure   Level  Hunger
a - Magic Dart            Conj           ####         0%          1    None
c - Dazzling Spray        Conj/Hex       ######       1%          3    None
d - Iskenderun's Mystic   Conj           #######.     1%          4    None
e - Fulminant Prism       Conj/Hex       #######...   1%          4    None

Your spell library contained the following spells:

 Spells                   Type           Power        Failure   Level  Hunger
 Cause Fear               Hex            #####.....   6%          4    None
 Bolt of Magma            Conj/Fire/Erth ######....   8%          5    ###....
 Slow                     Hex            #####...     1%          2    None
 Animate Dead             Necr           N/A          61%         4    None
 Summon Demon             Summ           ###.......   91%         5    ###....
 Corpse Rot               Necr           N/A          12%         2    None
 Stone Arrow              Conj/Erth      ######       1%          3    None
 Recall                   Summ/Tloc      N/A          24%         3    None
 Death Channel            Necr           ###.......   100%        6    #####..
 Deflect Missiles         Chrm/Air       ###.......   100%        6    #####..
 Flame Tongue             Conj/Fire      #####        1%          1    None
 Call Canine Familiar     Summ           ###.....     24%         3    None
 Silence                  Hex/Air        ####......   54%         5    ###....
 Corona                   Hex            #####..      1%          1    None
 Simulacrum               Ice/Necr       ###.......   100%        6    #####..
 Portal Projectile        Hex/Tloc       ####..       7%          3    None
 Leda's Liquefaction      Hex/Erth       ####......   22%         4    None
 Summon Hydra             Summ           ###.......   100%        7    ######.
 Inner Flame              Hex/Fire       ####....     1%          3    None
 Force Lance              Conj/Tloc      ######..     1%          4    None
 Searing Ray              Conj           ######       1%          2    None
 Discord                  Hex            #####.....   100%        8    #######
 Summon Forest            Summ/Tloc      ###.......   91%         5    ###....
 Summon Lightning Spire   Summ/Air       ###.....     61%         4    None
 Hydra Form               Tmut           ###.......   100%        6    #####..
 Yara's Violent Unravell  Hex/Tmut       ####......   17%         5    ###....
 Borgnjor's Vile Clutch   Necr/Erth      ###.......   91%         5    ###....


Dungeon Overview and Level Annotations

Branches:
Dungeon (8/15)             Temple (1/1) D:5            Lair (6/6) D:8
  Swamp (0/4) Lair:4       Spider (0/4) Lair:4        Slime (0/5) Lair:6

Altars:
Ashenzari
Dithmenos
Elyvilon
Fedhas
Gozag
Hepliaklqana
Kikubaaqudgha
Makhleb
Nemelex Xobeh
Okawaru
Qazlal
Ru
Sif Muna
Trog
Uskayaw
Vehumet
Wu Jian
Xom
Yredelemnul
Zin
The Shining One
Jiyva

Shops:
D:5 *   D:6 %   D:7 (

Annotations:
D:3 1 runed door, aloneDruid's ghost, amateur HOMo
Lair:1 3 runed doors, Zoef Hif's ghost, journeyman GrFi
Lair:5 2 runed doors, Xerofum's ghost, journeyman HOMo


Message History

The dire elephant tramples you!!
You stumble backwards!
Your fulminant prism crackles loudly.
Your fulminant prism explodes!
The blast of energy engulfs the plant.
The plant is heavily damaged.
The blast of energy engulfs the dire elephant.
The dire elephant is moderately wounded.
The dire elephant closely misses you. The dire elephant trunk-slaps you!
Casting: Fulminant Prism (safe; 1% risk of failure)
Confirm with . or Enter, or press ? or * to list all spells.
Aiming: Dazzling Spray (safe; 1% risk of failure)
Press: ? - help, Shift-Dir - straight line, f - dire elephant
Aim: a dire elephant You feel a surge of power!
The spray of energy hits the dire elephant.
The dire elephant is lightly wounded.
The spray of energy hits the dire elephant.
The dire elephant is heavily wounded.
The dire elephant tramples you!!
You die...

#++####.#...........#.P.........
##≈≈≈P##.#.......P.#.######...#..
#≈≈≈≈≈.#.#........P#..#..##..P#.#
#≈≈≈≈≈≈#.#...............#...####
#..≈≈≈##.#.........P....##P..###.
#...≈#..#........##.....#P......
##'####.##........##......+..#...
#8.8#...#♣.....YY...#..#.##......
#...#.###.......@.######.#.......
#..##.##...........P..#...P....##
'.P#..#♣........................#
'..#.##♣.........................
####.# ♣.........................
#8...# #♣............PP..#P...÷.÷
'..######..........##..##[....#..
#8..'...#♣........#.#.##.#....##.
#####...##.......#.##.#.###...##.


You could see 2 dire elephants.

Vanquished Creatures
  A minotaur (Lab)
  6 hydras
  2 catoblepae
  An anaconda (Lair:6)
  8 death yaks
  A two-headed ogre (D:8)
  Pikel (D:6)
  9 elephants (Lair:6)
  2 black mambas
  9 spiny frogs
  A torpor snail (Lair:4)
  5 komodo dragons
  A rime drake (Lair:6)
  7 polar bears
  A hornet (D:8)
  A queen bee (Lair:1)
  Grinder (D:6)
  19 blink frogs
  4 hippogriffs
  14 dream sheep (Lair:5)
  2 spriggans (Lair:3)
  Eustachio (D:4)
  25 yaks
  A wyvern (Lair:5)
  3 basilisks
  6 water moccasins
  7 porcupines
  3 orc warriors
  2 ice beasts
  2 sky beasts (D:7)
  4 slaves (D:4)
  13 black bears
  A phantom (D:6)
  7 wolves
  4 ogres
  9 crocodiles
  3 centaurs
  The ghost of AIAndy the Insei, an amateur OpTm (D:4)
  A big kobold (D:6)
  9 bullfrogs
  4 scorpions
  17 killer bees (Lair:1)
  4 howler monkeys (D:7)
  A jelly (D:8)
  4 crimson imps
  A bullfrog zombie (D:7)
  4 hounds
  5 orc priests
  2 centaur skeletons
  2 iguanas
  11 orc wizards
  4 worker ants
  A hound zombie (D:5)
  A howler monkey skeleton (D:5)
  11 adders
  A shadow imp (D:5)
  2 adder skeletons
  A worm (D:2)
  A dart slug (D:2)
  5 leopard geckos
  24 orcs
  6 giant cockroaches
  9 hobgoblins
  10 jackals
  11 kobolds
  4 quokkas
  7 bats
  4 frilled lizards
  2 goblins
  A jackal skeleton (D:4)
  A leopard gecko skeleton (D:5)
  A leopard gecko zombie (D:8)
  A quokka skeleton (D:7)
  8 rats
  9 fungi
  7 plants
385 creatures vanquished.

Vanquished Creatures (others)
  220 fulminant prisms
  6 fungi
  7 plants
233 creatures vanquished.

Grand Total: 618 creatures vanquished

Notes
Turn   | Place    | Note
-------+----------+-------------------------------------------
     0 | D:1      | Flugkiller the Deep Elf Conjurer began the quest for the Orb.
     0 | D:1      | Reached XP level 1. HP: 10/10 MP: 6/6
   284 | D:1      | Reached XP level 2. HP: 15/15 MP: 4/8
   692 | D:1      | Learned a level 2 spell: Searing Ray
   742 | D:2      | Reached skill level 5 in Conjurations
   874 | D:2      | Reached XP level 3. HP: 15/19 MP: 5/10
  1044 | D:2      | Learned a level 3 spell: Dazzling Spray
  1153 | D:2      | Reached skill level 1 in Hexes
  1354 | D:2      | Reached XP level 4. HP: 24/24 MP: 7/12
  1627 | D:3      | Learned a level 4 spell: Fulminant Prism
  1653 | D:3      | Found a runed door.
  1654 | D:3      | Noticed aloneDruid's ghost (amateur HOMo)
  1714 | D:3      | Reached XP level 5. HP: 28/28 MP: 4/13
  1765 | D:3      | Found a white marble altar of Elyvilon.
  1802 | D:3      | Found a shattered altar of Ashenzari.
  2527 | D:4      | Noticed Eustachio
  2831 | D:4      | Killed Eustachio
  2831 | D:4      | Reached skill level 5 in Spellcasting
  2831 | D:4      | Reached skill level 6 in Conjurations
  2831 | D:4      | Reached skill level 5 in Hexes
  2831 | D:4      | Reached XP level 6. HP: 27/32 MP: 4/16
  3106 | D:4      | Noticed a slave
  3108 | D:4      | Noticed a slave
  3111 | D:4      | Noticed Pikel
  3113 | D:4      | Killed a slave
  3122 | D:4      | Noticed a slave
  3165 | D:4      | Killed a slave
  3263 | D:4      | Killed a slave
  3589 | D:4      | Found a runed door.
  3590 | D:4      | Noticed AIAndy's ghost (amateur OpTm)
  3651 | D:4      | Reached XP level 7. HP: 36/36 MP: 0/17
  4295 | D:5      | Entered Level 5 of the Dungeon
  4310 | D:4      | Killed AIAndy's ghost
  4510 | D:5      | Reached skill level 7 in Conjurations
  4955 | D:5      | Reached XP level 8. HP: 30/41 MP: 9/21
  5216 | D:5      | Found Ofeuklu's Assorted Antiques.
  5219 | D:5      | Bought a sedimented white potion for 18 gold pieces
  5219 | D:5      | Bought a scroll labeled VEENWO PIEMA for 21 gold pieces
  5219 | D:5      | Bought a bronze wand for 84 gold pieces
  5224 | D:5      | Reached skill level 8 in Conjurations
  5230 | D:5      | Got a jewelled leather armour
  5242 | D:5      | Identified the cursed +1 leather armour of Past Mistakes {-Cast rC+ SInv} (You found it on level 5 of the Dungeon)
  5258 | D:5      | Found a staircase to the Ecumenical Temple.
  5289 | D:5      | Got a pair of faintly glowing gloves
  5294 | Temple   | Entered the Ecumenical Temple
  5471 | Temple   | Became a worshipper of Vehumet
  5530 | D:5      | Got a crude robe
  5544 | D:5      | Identified the +0 robe "Fiddo" {Str+2} (You found it on level 5 of the Dungeon)
  5549 | D:5      | Identified the +1 pair of gloves of the Crown {rN+ MR+} (You found it on level 5 of the Dungeon)
  6224 | D:6      | Found Vafaegan's Food Boutique.
  6241 | D:6      | Found a glowing silver altar of Zin.
  6326 | D:6      | Got a dazzling mace {protect}
  6333 | D:6      | Reached skill level 9 in Conjurations
  6337 | D:6      | Identified the +10 mace "Jillyof" {protect, rC+ Str+4 Dex+2 Stlth+} (You took it off a kobold on level 6 of the Dungeon)
  6455 | D:6      | Killed Pikel
  6455 | D:6      | Reached skill level 10 in Spellcasting
  6455 | D:6      | Reached XP level 9. HP: 45/45 MP: 0/25
  6619 | D:6      | Reached * piety under Vehumet
  6619 | D:6      | Offered knowledge of Freeze by Vehumet.
  6621 | D:6      | Noticed Grinder
  6758 | D:6      | Killed Grinder
  6758 | D:6      | Reached skill level 10 in Conjurations
  7372 | D:7      | Found Emnuewk's Antique Weapon Shop.
  7675 | D:7      | Found an iron altar of Okawaru.
  7754 | D:7      | Reached skill level 1 in Fighting
  7955 | D:7      | Reached skill level 11 in Conjurations
  8410 | D:8      | Reached ** piety under Vehumet
  8410 | D:8      | Reached XP level 10. HP: 54/54 MP: 9/28
  8507 | D:8      | Offered knowledge of Throw Flame by Vehumet.
  8699 | D:8      | Noticed a two-headed ogre
  8723 | D:8      | Killed a two-headed ogre
  8812 | D:8      | Learned a level 4 spell: Iskenderun's Mystic Blast
  8838 | D:8      | Found a staircase to the Lair.
  9491 | D:8      | Reached skill level 12 in Conjurations
  9496 | D:8      | Found a deep blue altar of Sif Muna.
  9569 | Lair:1   | Entered Level 1 of the Lair of Beasts
  9579 | Lair:1   | Noticed a spiny frog
  9587 | Lair:1   | Killed a spiny frog
  9699 | Lair:1   | Reached skill level 5 in Dodging
  9749 | D:8      | Reached skill level 5 in Fighting
 10203 | Lair:1   | Noticed Zoef Hif's ghost (journeyman GrFi)
 10206 | Lair:1   | Noticed a minotaur
 10219 | Lair:1   | Found a runed gate.
 10219 | Lair:1   | Found a runed gate.
 10219 | Lair:1   | Found a runed gate.
 10219 | Lair:1   | Noticed a black mamba
 10321 | Lair:1   | Reached XP level 11. HP: 64/64 MP: 2/29
 10856 | Lair:1   | Offered knowledge of Stone Arrow by Vehumet.
 10856 | Lair:1   | Reached skill level 1 in Armour
 11370 | Lair:1   | Reached *** piety under Vehumet
 12127 | Lair:2   | Found a labyrinth entrance.
 12180 | Lab      | Entered a labyrinth
 12286 | Lab      | Noticed a minotaur
 12294 | Lab      | Killed a minotaur
 12313 | Lab      | Got a heavily runed bone ring
 12357 | Lair:2   | Reached skill level 5 in Armour
 12359 | Lair:2   | Noticed a death yak
 12371 | Lair:2   | Noticed a death yak
 12375 | Lair:1   | Reached skill level 1 in Shields
 12528 | Lair:1   | Offered knowledge of Conjure Flame by Vehumet.
 13198 | Lair:2   | Noticed a catoblepas
 13198 | Lair:2   | Killed a death yak
 13200 | Lair:2   | Noticed a death yak
 13215 | Lair:2   | Killed a catoblepas
 13215 | Lair:2   | Reached XP level 12. HP: 33/71 MP: 2/30
 13834 | Lair:2   | Killed a death yak
 13847 | Lair:2   | Killed a death yak
 15336 | Lair:3   | Identified the ring of Irrepressible Laughter {Ice *Drain rN+ Str+4 Int+2} (You found it in a labyrinth)
 15361 | Lair:3   | Noticed a four-headed hydra
 15372 | Lair:3   | Killed a four-headed hydra
 15399 | Lair:3   | Noticed a catoblepas
 15424 | Lair:3   | Killed a catoblepas
 16037 | Lair:3   | Reached **** piety under Vehumet
 16096 | Lair:3   | Reached skill level 13 in Conjurations
 16639 | Lair:4   | Noticed a four-headed hydra
 16647 | Lair:4   | Killed a four-headed hydra
 16769 | Lair:4   | Noticed a five-headed hydra
 16781 | Lair:4   | Killed a five-headed hydra
 16959 | Lair:4   | Found a staircase to the Swamp.
 16995 | Lair:4   | Found a hole to the Spider Nest.
 17046 | Lair:4   | Reached skill level 14 in Conjurations
 17079 | Lair:4   | Offered knowledge of Bolt of Draining by Vehumet.
 17327 | Lair:3   | Identified a scroll of acquirement
 17679 | Lair:5   | Reached XP level 13. HP: 78/78 MP: 27/32
 17826 | Lair:5   | Identified the Grimoire of the Creative Arsonist (You acquired it on level 5 of the Lair of Beasts)
 17947 | Lair:5   | Found a large runed door.
 17948 | Lair:5   | Found a large runed door.
 17948 | Lair:5   | Noticed Xerofum's ghost (journeyman HOMo)
 18152 | Lair:5   | Reached skill level 15 in Conjurations
 18858 | Lair:6   | Entered Level 6 of the Lair of Beasts
 19542 | Lair:6   | Reached skill level 10 in Dodging
 19870 | Lair:6   | Reached ***** piety under Vehumet
 19870 | Lair:6   | Offered knowledge of Throw Icicle by Vehumet.
 19901 | Lair:6   | Found a viscous altar of Jiyva.
 19902 | Lair:6   | Found a staircase to the Slime Pits.
 20695 | Lair:6   | Noticed a dire elephant
 20695 | Lair:6   | Noticed a dire elephant
 20835 | Lair:6   | Slain by a dire elephant

Vault maps used:
D:1:      dpeg_arrival_arbitrary_a
D:3:      lemuel_round_altar, cheibrodos_ashenzari_chains, first_ration,
          ebering_ghost_reflecting_pool
D:4:      gammafunk_ghost_grave, kennysheep_generic_room_3, uniq_eustachio,
          uniq_pikel
D:5:      temple_fountains, serial_shops, kennysheep_mini_moat
D:6:      black_bear_nest_2, zin_academy, serial_shops,
          nicolae_shop_statue_plus, uniq_grinder
D:7:      overflow_temple_1_default, serial_shops, shop
D:8:      tgw_sif, dpeg_oklobed_lair
Temple:   eino_temple_scatter_basement
Lair:1:   beast_lair_carwin_large_4, maelrawn_ghost_labyrinth_escape,
          special_room
Lair:2:   lab_entry_generic
Lair:3:   forest_entry_grove
Lair:4:   swamp_mist_pool, dummy_spider_entry
Lair:5:   ebering_ghost_disaster_area
Lair:6:   due_jungle_book, dpeg_slime_entry_enclosed_altar,
          nicolae_quartered_pool_little
Lab:      labyrinth_mini_lab, labyrinth_skeletal_remains, labyrinth_lava_lair,
          lab_hedge, lab_block, nicolae_lab_big_swirl

Skill      XL: |  1  2  3  4  5  6  7  8  9 10 11 12 13 |
---------------+----------------------------------------+-----
Conjurations   | 5 6 7 9 11 12 14 15 | 15.0
Hexes          | 1 3 5 6 |  6.0
Spellcasting   | 4 5 7 10 12 13 | 13.0
Fighting       | 2 5 6 8 |  8.1
Dodging        | 6 8 11 | 11.0
Armour         | 5 7 |  7.8
Shields        | 4 |  4.1
Stealth        | |  2.4

Action                   |  1- 3 |  4- 6 |  7- 9 | 10-12 | 13-15 || total
-------------------------+-------+-------+-------+-------+-------++-------
Melee: Dagger            |       |       |     8 |       |       ||     8
       Mace              |       |       |     6 |       |       ||     6
       Staff             |       |       |       |       |     7 ||     7
 Cast: Magic Dart        |    72 |    52 |   215 |    76 |     4 ||   419
       Dazzling Spray    |     1 |     9 |    26 |    28 |     5 ||    69
       Fulminant Prism   |       |    17 |    42 |   108 |    53 ||   220
       Searing Ray       |       |     3 |     2 |       |       ||     5
       Iskenderun's Myst |       |       |       |    90 |    45 ||   135
Evoke: Wand              |       |       |       |     1 |     2 ||     3
  Use: Scroll            |       |       |     9 |    15 |     3 ||    27
       Potion            |       |       |       |     1 |       ||     1
 Stab: Invisible         |       |       |     1 |       |       ||     1
  Eat: Chunk             |     1 |     7 |    16 |    13 |     8 ||    45
       Ration            |       |     1 |       |     4 |     1 ||     6
Armor: Robe              |     3 |       |       |       |       ||     3
       Leather armour    |       |     1 |    20 |       |       ||    21
       Swamp dragon scal |       |       |     3 |    51 |    11 ||    65
Dodge: Dodged            |     6 |     6 |    61 |    95 |    30 ||   198
Block: Other             |       |       |     4 |     6 |       ||    10
       Buckler           |       |       |       |     4 |    14 ||    18

Table legend:
 A = Spawn XP
 B = Non-spawn XP
 C = Spawn XP percentage of total XP
 D = Spawn monster count
 E = Non-spawn monster count
 F = Spawn count percentage of total count
 G = Total turns spent on level
                    A         B        C        D         E        F      G
               +---------+---------+-------+---------+---------+-------+---------
         Total |       0 |   60357 |   0.0 |       0 |     365 |   0.0 | 20835
               +---------+---------+-------+---------+---------+-------+---------
           D:1 |       0 |      19 |   0.0 |       0 |      14 |   0.0 |   697
           D:2 |       0 |      96 |   0.0 |       0 |      25 |   0.0 |   922
           D:3 |       0 |     238 |   0.0 |       0 |      23 |   0.0 |  1109
           D:4 |       0 |     588 |   0.0 |       0 |      18 |   0.0 |  1857
           D:5 |       0 |     742 |   0.0 |       0 |      22 |   0.0 |  1254
           D:6 |       0 |    2265 |   0.0 |       0 |      31 |   0.0 |  1286
           D:7 |       0 |    1441 |   0.0 |       0 |      30 |   0.0 |  1071
           D:8 |       0 |    2468 |   0.0 |       0 |      22 |   0.0 |  1717
        Lair:1 |       0 |    8098 |   0.0 |       0 |      52 |   0.0 |  2457
        Lair:2 |       0 |    7807 |   0.0 |       0 |      22 |   0.0 |  2614
        Lair:3 |       0 |    7528 |   0.0 |       0 |      25 |   0.0 |  1639
        Lair:4 |       0 |    4742 |   0.0 |       0 |      14 |   0.0 |   654
        Lair:5 |       0 |    7647 |   0.0 |       0 |      32 |   0.0 |  1258
        Lair:6 |       0 |   15439 |   0.0 |       0 |      34 |   0.0 |  1977
           Lab |       0 |    1239 |   0.0 |       0 |       1 |   0.0 |   135
               +---------+---------+-------+---------+---------+-------+---------
